 Dungeon Crawl Stone Soup version 0.28-a0-1524-ge72afd5fc6 (webtiles) character file.

Game seed: 3221551503566164798

73 gimp the Ducker (level 4, 0/35 HPs)
             Began as a Djinni Wanderer on Jan 18, 2022.
             Slain by an orc (4 damage)
             ... on level 2 of the Dungeon.
             The game lasted 00:07:18 (4120 turns).

gimp the Ducker (Djinni Wanderer)                   Turns: 4120, Time: 00:07:19

Health: 0/35       AC:  3    Str: 11    XL:     4   Next: 51%
Gold:   41         EV: 13    Int: 12    God:
                   SH:  0    Dex: 16

rFire   + + .      SeeInvis .   a - +0 dagger
rCold   x . .      Faith    .   (no shield)
rNeg    . . .      Spirit   .   d - +0 robe
rPois   ∞          Reflect  .   (no helmet)
rElec   .          Harm     .   c - +0 cloak
rCorr   .          Rampage  .   (no gloves)
Will    .....                   (boots unavailable)
Stlth   +.........              (no amulet)
HPRegen 0.11/turn               (no ring)
MPRegen 0.00/turn               (no ring)

@: flying
A: sickness immunity, fire resistance 2, cold vulnerability 1, float, innate
caster, hp casting, extra vitality 1
a: no special abilities


You were on level 2 of the Dungeon.
You visited 1 branch of the dungeon, and saw 3 of its levels.

You collected 41 gold pieces.

Inventory:

Hand Weapons
 a - a +0 dagger (weapon)
Armour
 c - a +0 cloak (worn)
 d - a +0 robe (worn)
Wands
 e - a wand of charming (15) (quivered)
Scrolls
 f - a scroll of enchant weapon {unknown}
 g - a scroll of enchant armour {unknown}
 h - 2 scrolls of immolation {unknown}
 l - a scroll of identify {unknown}
Potions
 b - a potion of lignification
 i - a potion of flight {unknown}
 j - 2 potions of degeneration {unknown}
 k - 2 potions of haste {unknown}
 m - a potion of curing {unknown}
 n - a potion of mutation {unknown}


   Skills:
 - Level 3.0 Fighting
 + Level 2.1 Short Blades
 - Level 3.2 Dodging
 - Level 3.0 Unarmed Combat
 - Level 3.0 Evocations


You had 2 spell levels left.
You knew the following spells:

 Your Spells              Type           Power      Damage    Failure   Level
a - Sandblast             Erth           0%         2d4       32%         1
Your spell library was empty.

Dungeon Overview and Level Annotations

Branches:
Dungeon (3/15)

Altars:

Annotations:
D:2 Sigmund


Innate Abilities, Weirdness & Mutations

You are immune to sickness and miasma.
You are immune to poison.
Your flesh is very heat resistant. (rF++)
You are vulnerable to cold. (rC-)
You float through the air rather than walking.
You learn spells naturally, not from books.
Your magical power is your life essence.
You have superior vitality. (+4 MHP)


Message History

You take 3 damage, and have 14/35 hp.
You hit the adder.
The adder is severely wounded.
The orc misses you. The adder bites you but does no damage.
You hit the adder.
The adder is almost dead.
The orc hits you with a +0 hand axe. The adder barely misses you.
You take 1 damage, and have 14/35 hp.
You closely miss the adder.
The adder is almost dead.
The adder misses you. The orc closely misses you.
You miss the adder.
The adder is almost dead.
The adder bites you but does no damage. The orc hits you with a +0 hand axe.
You take 1 damage, and have 13/35 hp.
You miss the adder.
The adder is almost dead.
The adder hisses angrily.
The adder misses you. The orc misses you.
You hit the adder but do no damage.
The adder is almost dead.
The adder bites you. x2
* * * LOW HITPOINT WARNING * * *
You take 3 damage, and have 10/35 hp.
You hit the adder.
The adder is almost dead.
The orc hits you with a +0 hand axe.
* * * LOW HITPOINT WARNING * * *
The adder barely misses you.
You take 5 damage, and have 5/35 hp.
You hit the adder but do no damage.
The adder is almost dead.
The orc hits you with a +0 hand axe.
* * * LOW HITPOINT WARNING * * *
The adder misses you.
You take 1 damage, and have 4/35 hp.
You hit the adder.
You kill the adder!
The orc hits you with a +0 hand axe.
You die...

#.###....####
#.......^...#
#.........#
#.........#
##....w...#
######.w##
############.<.#
#..........##....#
#..@.......##.##.#
#...o......##:.
..#
#..S.......###..
... #...<......#
#. ## #####..#####
._# .## .## .# .#
##


You could see an adder and an orc.

Vanquished Creatures
  A gnoll (D:1)
  2 adders (D:2)
  A dart slug (D:2)
  An orc (D:3)
  7 ball pythons
  6 endoplasms
  4 giant cockroaches (D:1)
  A goblin (D:2)
  3 hobgoblins
  4 jackals (D:1)
  3 kobolds
  6 quokkas
  A bat (D:1)
  7 rats
47 creatures vanquished.

Vanquished Creatures (others)
  A frilled lizard (D:3)
1 creature vanquished.

Grand Total: 48 creatures vanquished

Notes
Turn   | Place    | Note
-------+----------+-------------------------------------------
     0 | D:1      | gimp the Djinni Wanderer began the quest for the Orb.
     0 | D:1      | Reached XP level 1. HP: 17/17 MP: 0/0
   412 | D:1      | Reached XP level 2. HP: 19/23 MP: 0/0
   431 | D:1      | HP: 1/23 [ball python (2)]
  1349 | D:1      | Reached XP level 3. HP: 29/29 MP: 0/0
  1349 | D:1      | Learned a level 1 spell: Sandblast
  1878 | D:2      | Found a faded altar of an unknown god.
  2485 | D:1      | Reached skill level 1 in Short Blades
  3128 | D:2      | Reached XP level 4. HP: 31/35 MP: 0/0
  3880 | D:2      | Noticed Sigmund
  4120 | D:2      | Slain by an orc

Illustrated notes

Levels and vault maps discovered:
D:1:      lemuel_arrival_behind_the_door_large, layout_basic
D:2:      layout_rooms, ebering_ecumenical_altar_rust, fountainhead,
          minmay_octomino_c4, uniq_sigmund
D:3:      cheibrodos_helix_gallery, layout_basic

Skill      XL: |  1  2  3  4 |
---------------+-------------+-----
Fighting       | 2 3 |  3.0
Short Blades   | 1 2 |  2.1
Dodging        | |  3.2
Unarmed Combat | |  3.0
Evocations     | |  3.0

Action                   |  1- 3 |  4- 6 || total
-------------------------+-------+-------++-------
Melee: Dagger            |   244 |   134 ||   378
       Punch             |     6 |     4 ||    10
Evoke: Wand              |       |     1 ||     1
 Stab: Sleeping          |     3 |     1 ||     4
Armor: Robe              |    52 |    17 ||    69
Dodge: Dodged            |   165 |    84 ||   249

Table legend: (Time is in decaauts)
 A = Elapsed time spent in this place.
 B = Non-inter-level travel time spent in this place.
 C = Inter-level travel time spent in this place.
 D = Time resting spent in this place.
 E = Time spent auto-exploring this place.
 F = Levels seen in this place.
 G = Mean time per level.
                   A        B        C        D        E       F      G
               +--------+--------+--------+--------+--------+-----+--------+
         Total |   4112 |   3948 |    164 |    804 |   2357 |   3 | 1370.7 |
       Dungeon |   4112 |   3948 |    164 |    804 |   2357 |   3 | 1370.7 |
               +--------+--------+--------+--------+--------+-----+--------+

Top non-repeatable levels by time:
     D:1: 3264 daAuts
     D:2: 678 daAuts
     D:3: 169 daAuts
